 Dungeon Crawl Stone Soup version 0.21-a0-344-g2144152 (webtiles) character file.

14 tidbits the Grave Robber (level 2, 0/11 HPs)
             Began as a Felid Necromancer on Oct 4, 2017.
             Slain by a scorpion (1 damage)
             ... on level 4 of the Dungeon.
             The game lasted 00:02:07 (606 turns).

tidbits the Grave Robber (Felid Necromancer)         Turns: 606, Time: 00:02:07

Health: 0/11       AC:  1    Str:  4    XL:     2   Next: 31%
Magic:  0/6        EV: 18    Int: 16    God:
Gold:   4          SH:  0    Dex: 16    Spells: 3/5 levels left
                                        Lives:  0   Deaths: 0

rFire    . . .     SeeInvis +   a - book of Necromancy
rCold    . . .     Gourm    .   (shield unavailable)
rNeg     . . .     Faith    .   (armour unavailable)
rPois    .         Spirit   .   (helmet unavailable)
rElec    .         Reflect  .   (cloak unavailable)
rCorr    .         Harm     .   (gloves unavailable)
MR       .....                  (boots unavailable)
Stlth    +++.......             (no amulet)
HPRegen  0.03/turn              (no ring)
MPRegen  0.10/turn              (no ring)

@: quick
A: no armour, no weapons or thrown items, stealth, claws 1, fangs 3, see
invisible, carnivore 3, speed 1, shaggy fur 1, slow metabolism 1, sharp paws
a: no special abilities


You were on level 4 of the Dungeon.
You were not hungry.

You visited 1 branch of the dungeon, and saw 4 of its levels.

You collected 4 gold pieces.

Inventory:

Potions
 c - a potion of haste {unknown}
Books
 a - a book of Necromancy (in mouth)

   Spells                             Type                      Level
   a - Pain                           Necromancy                   1
   b - Animate Skeleton               Necromancy                   1
   c - Vampiric Draining              Necromancy                   3
   d - Regeneration                   Charms/Necromancy            3
   e - Animate Dead                   Necromancy                   4
   f - Control Undead                 Necromancy                   4
Comestibles
 b - a meat ration


   Skills:
 + Level 3.0 Dodging
 + Level 3.2 Stealth
 + Level 2.2 Spellcasting
 + Level 4.1 Necromancy


You had 3 spell levels left.
You knew the following spells:

 Your Spells              Type           Power        Failure   Level  Hunger
a - Pain                  Necr           ###.         3%          1    #......
n - Animate Skeleton      Necr           N/A          3%          1    #......


Dungeon Overview and Level Annotations

Branches:
Dungeon (4/15)
 Temple: D:4-7

Altars:
Elyvilon
Zin

Annotations:
D:3 tidbits's ghost, weakling FeNe


Innate Abilities, Weirdness & Mutations

You cannot wear armour.
You are incapable of wielding weapons or throwing items.
Your paws allow you to move quietly. (Stealth)
You have sharp claws.
You have razor-sharp teeth.
You have supernaturally acute eyesight. (SInv)
You are carnivorous and can eat meat at any time.
You cover ground quickly.
You are covered in fur. (AC +1)
You have a slow metabolism.
Your sharp claws are effective at attacking unaware monsters.


Message History

Confirm with . or Enter, or press ? or * to list all spells.
Aiming: Pain
Press: ? - help, Shift-Dir - straight line, f/p - rat
Aim: a rat (severely wounded, chance to defeat MR: 85%)
The rat writhes in agony!
You kill the rat!
You swing at nothing.
You swing at nothing.
You swing at nothing.
You swing at nothing.
You swing at nothing.
You swing at nothing.
You swing at nothing.
You swing at nothing.
You swing at nothing.
Tidbits's ghost (weakling Felid Necromancer) comes into view.
Tidbits's ghost turns its malevolent gaze towards you.
A hobgoblin comes into view. It is wielding a club.
Your magical contamination has completely faded away.
Casting: Pain
Confirm with . or Enter, or press ? or * to list all spells.
You can't see any susceptible monsters within range! (Use Z to cast anyway.)
The hobgoblin shouts!
You see here 24 stones.
There is a stone staircase leading down here.
You climb downwards.
A worker ant and a scorpion come into view.
Found a blackened onyx ring.
Found an escape hatch in the floor.
There is a stone staircase leading up here.
You can't rest with a hostile monster in view!
Unknown command.
You swing at nothing.
You swing at nothing.
You swing at nothing.
You swing at nothing.
You swing at nothing.
You swing at nothing.
You swing at nothing.
You swing at nothing.
You swing at nothing.
You swing at nothing.
You swing at nothing.
You swing at nothing.
You swing at nothing.
You swing at nothing.
You swing at nothing.
You swing at nothing.
You swing at nothing.
You swing at nothing.
You swing at nothing.
You swing at nothing.
You swing at nothing.
You swing at nothing.
You swing at nothing.
You swing at nothing.
You swing at nothing.
You swing at nothing.
You swing at nothing.
You swing at nothing.
You swing at nothing.
You swing at nothing.
Casting: Pain
Confirm with . or Enter, or press ? or * to list all spells.
Aiming: Pain
Press: ? - help, Shift-Dir - straight line, f - scorpion
Aim: a scorpion (chance to defeat MR: 73%)
The scorpion writhes in agony!
Casting: Pain
Confirm with . or Enter, or press ? or * to list all spells.
Aiming: Pain
Press: ? - help, Shift-Dir - straight line, f/p - scorpion
Aim: a scorpion (lightly wounded, chance to defeat MR: 73%)
The scorpion writhes in agony!
Casting: Pain
Confirm with . or Enter, or press ? or * to list all spells.
Aiming: Pain
Press: ? - help, Shift-Dir - straight line, f/p - scorpion
Aim: a scorpion (moderately wounded, chance to defeat MR: 73%)
The scorpion writhes in agony!
Casting: Pain
Confirm with . or Enter, or press ? or * to list all spells.
Aiming: Pain
Press: ? - help, Shift-Dir - straight line, f/p - scorpion
Aim: a scorpion (heavily wounded, chance to defeat MR: 73%)
The scorpion writhes in agony!
The scorpion closely misses you.
Casting: Pain
Confirm with . or Enter, or press ? or * to list all spells.
Aiming: Pain
Press: ? - help, Shift-Dir - straight line, f/p - scorpion
Aim: a scorpion (severely wounded, chance to defeat MR: 73%)
The scorpion struggles to resist.
The scorpion closely misses you.
Wield which item (- for none, * to show all)? (? for menu, Esc to quit)
Okay, then.
Casting: Pain
Confirm with . or Enter, or press ? or * to list all spells.
Aiming: Pain
Press: ? - help, Shift-Dir - straight line, f/p - scorpion
Aim: a scorpion (severely wounded, chance to defeat MR: 73%)
The scorpion writhes in agony!
The scorpion stings you.
You die...

#.#.......#####. .....##
#.............#...#.a...
##<### #...<... #####....#
.#........! #.
...##.#.#...#.#.......
...###.##.#.....# #.#.....
....................#.....
........####....##. #.....
....##...@s....... #.....
###.......##....## ###.##
######### ..# #


You could see a scorpion.

Vanquished Creatures
  A giant cockroach (D:1)
  3 goblins
  3 hobgoblins
  A bat (D:1)
  2 frilled lizards
  4 rats
14 creatures vanquished.

Notes
Turn   | Place    | Note
-------+----------+-------------------------------------------
     0 | D:1      | tidbits the Felid Necromancer began the quest for the Orb.
     0 | D:1      | Reached XP level 1. HP: 7/7 MP: 4/4
   208 | D:2      | Reached skill level 3 in Stealth
   258 | D:2      | Reached skill level 3 in Dodging
   316 | D:3      | Found a glowing silver altar of Zin.
   319 | D:3      | Reached XP level 2. HP: 4/11 MP: 4/6
   322 | D:3      | Learned a level 1 spell: Animate Skeleton
   413 | D:3      | Found a white marble altar of Elyvilon.
   548 | D:3      | Noticed tidbits's ghost (weakling FeNe)
   563 | D:4      | Noticed a scorpion
   606 | D:4      | Slain by a scorpion

Vault maps used:
D:1:      wheals_arrival_shading
D:3:      nicolae_overflow_crystal_walls,
          chequers_ecumenical_altar_simple_redux, first_bread, elyvilon_altar_5
D:4:      lemuel_crystal_altar, minmay_temple_entry_glassed_door,
          grunt_decor_mini_mirrors, uniq_pikel, uniq_blork_the_orc

Skill      XL: |  1 |
---------------+----+-----
Stealth        | 3 |  3.2
Dodging        | 3 |  3.0
Spellcasting   | |  2.2
Necromancy     | |  4.1

Action                   || total
-------------------------++-------
 Cast: Pain              ||    31
  Eat: Chunk             ||     1
Dodge: Dodged            ||     3

Table legend:
 A = Spawn XP
 B = Non-spawn XP
 C = Spawn XP percentage of total XP
 D = Spawn monster count
 E = Non-spawn monster count
 F = Spawn count percentage of total count
 G = Total turns spent on level
                    A         B        C        D         E        F      G
               +---------+---------+-------+---------+---------+-------+---------
         Total |       0 |      21 |   0.0 |       0 |      14 |   0.0 |   606
               +---------+---------+-------+---------+---------+-------+---------
           D:1 |       0 |       8 |   0.0 |       0 |       5 |   0.0 |   206
           D:2 |       0 |       3 |   0.0 |       0 |       2 |   0.0 |    99
           D:3 |       0 |      10 |   0.0 |       0 |       7 |   0.0 |   256
               +---------+---------+-------+---------+---------+-------+---------

Table legend:
 A = Turns spent in this place as a percentage of turns spent in the entire game.
 B = Non-inter-level travel turns spent in this place as a percentage of non-inter-level travel turns spent in the entire game.
 C = Inter-level travel turns spent in this place as a percentage of turns spent in this place.
 D = Turns resting spent in this place as a percentage of non-inter-level travel turns spent in this place.
 E = Turns spent auto-exploring this place as a percentage of non-inter-level travel turns spent in this place.
 F = Non-inter-level travel turns spent in this place divided by the number of levels of this place that you've seen.
                   A       B       C       D       E      F
               +-------+-------+-------+-------+-------+----------------------
         Total | 100.0 | 100.0 |   0.0 |   0.0 |   0.0 | 151.5
       Dungeon | 100.0 | 100.0 |   0.0 |   0.0 |   0.0 | 151.5
               +-------+-------+-------+-------+-------+----------------------

Table legend:
 A = Kills in this place as a percentage of kills in entire the game.
 B = Kills by you in this place as a percentage of kills by you in the entire game.
 C = Kills by friends in this place as a percentage of kills by friends in the entire game.
 D = Other kills in this place as a percentage of other kills in the entire game.
 E = Experience gained in this place as a percentage of experience gained in the entire game.
 F = Experience gained in this place divided by the number of levels of this place that you have seen.
                   A       B       C       D       E      F
               +-------+-------+-------+-------+-------+----------------------
         Total | 100.0 | 100.0 |   N/A |   N/A | 100.0 |   5.2
       Dungeon | 100.0 | 100.0 |   N/A |   N/A | 100.0 |   5.2
               +-------+-------+-------+-------+-------+----------------------

Vault maps used:
D:1:      wheals_arrival_shading
D:3:      nicolae_overflow_crystal_walls,
          chequers_ecumenical_altar_simple_redux, first_bread, elyvilon_altar_5
D:4:      lemuel_crystal_altar, minmay_temple_entry_glassed_door,
          grunt_decor_mini_mirrors, uniq_pikel, uniq_blork_the_orc
